 Dungeon Crawl Stone Soup version 0.27-a0-54-g64bdb92e38 (webtiles) character file.

Game seed: 11172460502223044822

194638 shakesphere1979 the Grappler (level 18, -5/126 HPs)
             Began as a Gnoll Transmuter on Jan 4, 2021.
             Was the Champion of Hepliaklqana.
             Slain by a two-headed ogre
             ... wielding a +0 giant club
              (8 damage)
             ... on level 1 of the Vaults on Jan 7, 2021.
             The game lasted 04:13:49 (46876 turns).

shakesphere1979 the Grappler (Gnoll Transmuter)    Turns: 46876, Time: 04:13:49

Health: -5/126     AC: 33    Str: 32    XL:     18   Next: 31%
Magic:  34/34      EV: 16    Int: 10    God:    Hepliaklqana [******]
Gold:   3100       SH:  8    Dex: 24    Spells: 5/42 levels left

rFire    + . .     SeeInvis +   a - +5 long sword of Ixisutekk {vorpal, rPois Str+3 Int-4}
rCold    + . .     Faith    .   O - +0 buckler "Wulou" {Will+ Str+2 Int-3 Dex+3}
rNeg     + . .     Spirit   .   Y - +1 gold dragon scales of Devotion {rPois rF+ rC+ rN+ Str+2 Dex+5}
rPois    +         Reflect  .   S - +2 helmet
rElec    .         Harm     .   P - +2 cloak
rCorr    .         Rampage  .   c - +2 pair of gloves
Will     ++...     Rnd*Rage +   Q - +2 pair of boots
Stlth    ..........             h - amulet of regeneration
HPRegen  0.71/turn              w - +6 ring of strength
MPRegen  0.24/turn              I - ring of see invisible

@: about to teleport, wereblooded (expiring)
A: distributed training, reduced essence, fangs 1, berserk 1, strong nose
}: 1/15 runes: gossamer
a: Renounce Religion, Recall Ancestor, Ancestor Identity, Transference, Idealise


You were on level 1 of the Vaults.
You worshipped Hepliaklqana.
Hepliaklqana was exalted by your worship.
You visited 7 branches of the dungeon, and saw 30 of its levels.
You also visited: Bailey and Ice Cave.

You collected 4513 gold pieces.
You spent 1413 gold pieces at shops.

Inventory:

Hand Weapons
 a - the +5 long sword of Ixisutekk (weapon) {vorpal, rPois Str+3 Int-4}
   (You found it on level 7 of the Dungeon)

   It inflicts extra damage upon your enemies.
   It affects your strength (+3).
   It affects your intelligence (-4).
   It protects you from poison.
 b - the +6 arbalest of Mujotah {penet, rElec Str+2}
   (You bought it in a shop on level 2 of the Orcish Mines)

   Ammo fired by it passes through the targets it hits, potentially hitting all
   targets in its path until it reaches maximum range.
   It affects your strength (+2).
   It insulates you from electricity.
Missiles
 q - 231 bolts
 E - 12 datura-tipped darts
 F - 6 curare-tipped darts (quivered)
 Z - 5 atropa-tipped darts
Armour
 c - a +2 pair of gloves (worn)
 g - the +4 ring mail "Earthly Heaven" {rPois Str+8 Int-4 Slay-2}
   (You found it on level 1 of the Lair of Beasts)

   It affects your strength (+8).
   It affects your intelligence (-4).
   It affects your accuracy and damage with ranged weapons and melee attacks
   (-2).
   It protects you from poison.
 m - the +2 leather armour of the Lion {Int+6}
   (You found it on level 6 of the Lair of Beasts)

   It affects your intelligence (+6).
 O - the +0 buckler "Wulou" (worn) {Will+ Str+2 Int-3 Dex+3}
   (You bought it in a shop on level 9 of the Dungeon)

   It affects your strength (+2).
   It affects your intelligence (-3).
   It affects your dexterity (+3).
   It affects your willpower, your defense against some magical effects.
 P - a +2 cloak (worn)
 Q - a +2 pair of boots (worn)
 S - a +2 helmet (worn)
 X - +3 fire dragon scales
 Y - the +1 gold dragon scales of Devotion (worn) {rPois rF+ rC+ rN+ Str+2 Dex+5}
   (You found it in a bailey)

   It affects your strength (+2).
   It affects your dexterity (+5).
   It protects you from fire.
   It protects you from cold.
   It protects you from poison.
   It protects you from negative energy.
Jewellery
 h - an amulet of regeneration (around neck)
 j - a +4 ring of evasion {unknown}
 w - a +6 ring of strength (left hand)
 x - a +6 ring of intelligence
 H - an uncursed amulet of reflection
 I - a ring of see invisible (right hand)
 R - an uncursed ring of protection from cold
Wands
 f - a wand of disintegration (20)
 y - a wand of paralysis (4)
 C - a wand of enslavement (9)
 D - a wand of acid (7)
 M - a wand of iceblast (27)
 U - a wand of polymorph (16)
 W - a wand of flame (25)
Scrolls
 e - 5 scrolls of identify
 k - 21 scrolls of remove curse
 o - 4 scrolls of amnesia
 p - 7 scrolls of enchant weapon
 r - 3 scrolls of fear
 A - 2 scrolls of teleportation
 G - 5 scrolls of magic mapping
 K - a scroll of fog
Potions
 d - a potion of invisibility
 i - 5 potions of curing
 n - 2 potions of resistance
 s - 5 potions of might
 v - 3 potions of cancellation
 z - 6 potions of flight
 B - 6 potions of attraction
 J - a potion of berserk rage
 L - 6 potions of haste
 N - a potion of lignification
 T - 7 potions of brilliance
 V - a potion of heal wounds
Miscellaneous
 l - a phantom mirror
 t - a condenser vane


   Skills:
 + Level 12.3 Fighting
 + Level 12.1 Short Blades
 + Level 12.1 Long Blades
 + Level 12.1 Axes
 + Level 12.1 Maces & Flails
 + Level 12.1 Polearms
 + Level 12.1 Staves
 + Level 12.1 Slings
 + Level 12.1 Bows
 + Level 12.1 Crossbows
 + Level 12.1 Throwing
 + Level 12.1 Armour
 + Level 12.8 Dodging
 + Level 12.1 Stealth
 + Level 12.1 Shields
 + Level 13.4 Unarmed Combat
 + Level 12.9 Spellcasting
 + Level 10.3 Conjurations
 + Level 10.3 Hexes
 + Level 10.3 Summonings
 + Level 10.3 Necromancy
 + Level 10.3 Translocations
 + Level 11.0 Transmutations
 + Level 10.3 Fire Magic
 + Level 10.3 Ice Magic
 + Level 10.3 Air Magic
 + Level 10.3 Earth Magic
 + Level 10.3 Poison Magic
 + Level 13.0 Invocations
 + Level 12.1 Evocations


You had 5 spell levels left.
You knew the following spells:

 Your Spells              Type           Power        Failure   Level
b - Wereblood             Tmut           28%          2%          2
c - Spider Form           Tmut/Pois      13%          6%          3
d - Conjure Flame         Conj/Fire      27%          8%          3
e - Sticky Flame          Conj/Fire      27%          24%         4
f - Ensorcelled Hibernat  Hex/Ice        54%          3%          2
g - Ozocubu's Armour      Ice            27%          8%          3
h - Ice Form              Ice/Tmut       27%          22%         4
i - Fireball              Conj/Fire      13%          56%         5
j - Simulacrum            Ice/Necr       13%          98%         6
k - Blade Hands           Tmut           14%          45%         5

Your spell library contained the following spells:

 Spells                   Type           Power        Failure   Level
 Beastly Appendage        Tmut           56%          1%          1
 Foxfire                  Conj/Fire      100%         2%          1
 Freeze                   Ice            100%         2%          1
 Summon Small Mammal      Summ           100%         2%          1
 Call Imp                 Summ           27%          3%          2
 Call Canine Familiar     Summ           27%          8%          3
 Inner Flame              Hex/Fire       27%          8%          3
 Static Discharge         Conj/Air       27%          8%          3
 Summon Guardian Golem    Hex/Summ       27%          8%          3
 Summon Ice Beast         Ice/Summ       27%          24%         4
 Summon Lightning Spire   Summ/Air       27%          24%         4
 Lightning Bolt           Conj/Air       13%          56%         5
 Silence                  Hex/Air        13%          56%         5
 Conjure Ball Lightning   Conj/Air       13%          98%         6
 Ozocubu's Refrigeration  Ice            13%          98%         6
 Ignition                 Fire           13%          100%        8
 Shatter                  Erth           13%          100%        9
 Tornado                  Air            13%          100%        9


Dungeon Overview and Level Annotations

Branches:
Dungeon (15/15)            Temple (1/1) D:4            Lair (6/6) D:11
 Shoals (1/4) Lair:4       Spider (4/4) Lair:2        Slime (0/5) Lair:6
    Orc (2/2) D:10            Elf (0/3) Orc:2        Vaults (1/5) D:14
 Depths (0/5) D:15         Bailey (visited)           IceCv (visited)

Altars:
Ashenzari
Cheibriados
Dithmenos
Elyvilon
Fedhas
Gozag
Hepliaklqana
Kikubaaqudgha
Makhleb
Nemelex Xobeh
Okawaru
Qazlal
Ru
Sif Muna
Trog
Uskayaw
Vehumet
Wu Jian
Xom
Yredelemnul
Zin
The Shining One
Beogh
Jiyva
Lugonu

Shops:
D:9 [   D:11 }   Orc:1 [   Orc:2 [(}!

Annotations:
D:7 1 runed translucent door, Maimakterion's ghost, novice DrFi
Lair:1 exclusion: 2 oklob plants


Innate Abilities, Weirdness & Mutations

Your experience applies equally to all skills.
You have very sharp teeth.
Your uncanny sense of smell can sniff out nearby items.
Your life essence is reduced to manifest your ancestor. (-10% HP)
You tend to lose your temper in combat.


Message History

The ogre mage hits you but does no damage.
The centaur warrior closely misses you.
You riposte.
You hit the centaur warrior.
The centaur warrior is heavily wounded.
The vault sentinel blows a loud note on a signal horn!
The two-headed ogre barely misses you.
You riposte.
You hit the two-headed ogre.
The two-headed ogre is lightly wounded.
The two-headed ogre closely misses you.
The two-headed ogre hits you but does no damage.
The two-headed ogre barely misses you.
The centaur warrior wields a +2 shortbow of freezing.
It is covered in frost.
The centaur warrior shoots an arrow.
The arrow misses you.
The brown ugly thing basks in the mutagenic energy from its kin and changes!
The two-headed ogre closely misses you.
You riposte.
You slice the two-headed ogre!! You bite the two-headed ogre.
The two-headed ogre is heavily wounded.
The two-headed ogre hits you with a +0 giant club!
You die...

..# ##....#....##.........#
..# ##.......###.........# ..#
##.....## ########### ..#
##...##
###########+##################
............B.................
....O.....O.u.up..............
..O......pOOOucOO.............
.......(..O(upu(@.............
######+######u##+#############
...)....# #..........########
........# #..........#......#
........# #..........#......#
........# #..........#......#
....∩...# #..........#......#
........# #.....)....#......#
....[...# #....))....#......#


You could see 2 very ugly things, a vault warden, a boulder beetle, a vault
guard, 4 ugly things, a centaur warrior, 3 two-headed ogres, an ogre mage
(fast), a vault sentinel and 3 ogres.

Vanquished Creatures
  6 ghost moths
  A vault warden (Vaults:1)
  An orc warlord (Orc:2)
  5 emperor scorpions
  A very ugly thing (Vaults:1)
  2 entropy weavers
  A fire dragon (Lair:6)
  A rakshasa (D:15)
  6 boulder beetles
  2 centaur warriors (D:13)
  4 vault guards (Vaults:1)
  A great orb of eyes (shapeshifter) (D:15)
  4 hydras
  A death knight (D:13)
  9 death yaks
  4 two-headed ogres
  A queen ant (Spider:3)
  3 orc high priests (Orc:2)
  Sonja (Lair:6)
  3 slime creatures
  Nergalle (Lair:1)
  3 skeletal warriors (Vaults:1)
  An unseen horror (D:9)
  5 manticores
  A sea snake (Shoals:1)
  An unseen horror (shapeshifter) (D:15)
  A glowing orange brain (D:15)
  4 harpies
  13 ugly things
  6 orc knights
  6 orc sorcerers
  18 wolf spiders
  2 deep elf magi
  3 cyclopes
  9 orb spiders
  2 centaur zombies
  19 elephants
  2 moths of wrath (Spider:1)
  A merfolk siren (Lair:4)
  6 black mambas
  A guardian serpent (shapeshifter) (D:14)
  2 torpor snails
  A vault sentinel (Vaults:1)
  2 centaur skeletons
  7 cane toads
  6 komodo dragons
  5 yaktaurs (Vaults:1)
  Maggie (D:7)
  5 rime drakes
  24 demonic crawlers
  14 jumping spiders
  5 trolls
  21 polar bears
  A meliai zombie (D:14)
  A raiju (Lair:6)
  6 hornets
  17 blink frogs
  21 tarantellas
  A spriggan (shapeshifter) (D:15)
  4 spriggans (Lair:2)
  A shadow (D:11)
  70 yaks
  3 wyverns
  2 vampires
  52 redbacks
  5 wraiths
  3 basilisks
  A human (shapeshifter) (D:15)
  A steam dragon (Lair:6)
  7 vampire mosquitoes
  9 wargs
  5 soldier ants (Spider:3)
  A naga (shapeshifter) (D:14)
  An acid dragon (D:14)
  14 water moccasins
  12 hell hounds (Lair:6)
  A swamp drake (Lair:6)
  4 sky beasts
  34 orc warriors
  16 black bears
  A hornet zombie (D:15)
  An eye of draining (D:14)
  12 ice beasts
  10 ogres
  6 phantoms
  39 wolves
  A necrophage (D:11)
  16 centaurs
  3 big kobolds
  17 bullfrogs
  2 wyvern zombies
  A wyvern skeleton (D:14)
  A scorpion (D:4)
  11 killer bees (D:9)
  5 wights
  2 howler monkeys (D:14)
  A human simulacrum (Vaults:1)
  2 electric eels
  2 bullfrog zombies
  2 hounds
  31 orc priests
  3 jellies
  20 orc wizards
  A bullfrog skeleton (D:6)
  A hexer (D:9)
  2 iguanas
  22 worker ants
  2 hound skeletons
  A howler monkey skeleton (D:9)
  14 adders
  12 gnolls
  3 shadow imps
  4 white imps
  2 ufetubi
  An ooze (D:2)
  4 worms
  5 dart slugs
  6 leopard geckos
  132 orcs
  2 ball pythons (D:1)
  10 bats
  5 giant cockroaches
  15 goblins
  9 hobgoblins
  9 jackals
  10 quokkas
  8 frilled lizards
  20 kobolds
  A leopard gecko skeleton (D:4)
  6 rats
1044 creatures vanquished.

Vanquished Creatures (collateral kills)
  An entropy weaver (Spider:3)
  A rakshasa (D:15)
  3 hydras
  3 catoblepae
  4 death yaks
  An orc high priest (Orc:2)
  A swamp dragon (Lair:6)
  2 orc knights
  2 orb spiders (Spider:4)
  3 wolf spiders
  An orc sorcerer (Orc:2)
  6 elephants
  An ugly thing (Vaults:1)
  A vault sentinel (Vaults:1)
  A moth of wrath (Spider:1)
  A black mamba (Lair:5)
  2 cane toads (Lair:1)
  A gargoyle (D:11)
  A rime drake (Lair:6)
  A demonic crawler (Spider:1)
  A komodo dragon (Lair:6)
  A freezing wraith (D:13)
  5 jumping spiders
  2 trolls
  6 polar bears
  A hornet (shapeshifter) (D:14)
  A raiju (shapeshifter) (D:15)
  A raiju (Lair:6)
  6 blink frogs
  A slime creature (Vaults:1)
  2 tarantellas
  6 redbacks
  2 spriggans (Lair:2)
  18 yaks
  4 wyverns
  A steam dragon (D:11)
  A warg (Lair:6)
  A soldier ant (Spider:3)
  2 acid dragons
  3 hell hounds (Lair:6)
  2 water moccasins (Lair:4)
  An eye of draining (D:15)
  A sky beast (D:14)
  5 orc warriors
  2 ogres (Orc:2)
  6 wolves
  2 centaurs
  A bullfrog (D:9)
  A scorpion (D:9)
  2 killer bees (D:9)
  A centaur zombie (D:12)
  A hound (D:10)
  A bullfrog zombie (D:11)
  2 orc wizards
  3 orc priests (Orc:2)
  A jelly (D:10)
  A bullfrog skeleton (D:8)
  A worker ant (Spider:3)
  A white imp (D:6)
  2 ufetubi
  A leopard gecko (D:7)
  33 orcs
  2 hobgoblins (Orc:1)
  A kobold (D:9)
176 creatures vanquished.

Vanquished Creatures (others)
  A polar bear (IceCv)
  29 hexers
  2 ancestors
  A leopard gecko (D:6)
  33 fungi
  85 plants
151 creatures vanquished.

Grand Total: 1371 creatures vanquished

Notes
Turn   | Place    | Note
-------+----------+-------------------------------------------
     0 | D:1      | shakesphere1979 the Gnoll Transmuter began the quest for
                  | the Orb.
     0 | D:1      | Reached XP level 1. HP: 17/17 MP: 6/6
    62 | D:1      | Reached XP level 2. HP: 23/23 MP: 5/7
   293 | D:1      | Reached XP level 3. HP: 28/28 MP: 6/9
   327 | D:1      | Reached skill level 5 in Spellcasting
   623 | D:2      | Reached skill level 1 in Invocations
   914 | D:2      | Reached skill level 1 in Short Blades
   914 | D:2      | Reached skill level 1 in Long Blades
   914 | D:2      | Reached skill level 1 in Axes
   914 | D:2      | Reached skill level 1 in Maces & Flails
   914 | D:2      | Reached skill level 1 in Polearms
   914 | D:2      | Reached skill level 1 in Staves
   914 | D:2      | Reached skill level 1 in Slings
   914 | D:2      | Reached skill level 1 in Bows
   914 | D:2      | Reached skill level 1 in Crossbows
   914 | D:2      | Reached skill level 1 in Throwing
   914 | D:2      | Reached skill level 1 in Armour
   914 | D:2      | Reached skill level 1 in Stealth
   914 | D:2      | Reached skill level 1 in Shields
   914 | D:2      | Reached skill level 1 in Evocations
   930 | D:2      | Reached XP level 4. HP: 32/34 MP: 11/11
  1140 | D:2      | Noticed a centaur
  1149 | D:2      | Killed a centaur
  1150 | D:2      | Reached skill level 1 in Conjurations
  1150 | D:2      | Reached skill level 1 in Hexes
  1150 | D:2      | Reached skill level 1 in Summonings
  1150 | D:2      | Reached skill level 1 in Necromancy
  1150 | D:2      | Reached skill level 1 in Translocations
  1150 | D:2      | Reached skill level 1 in Fire Magic
  1150 | D:2      | Reached skill level 1 in Ice Magic
  1150 | D:2      | Reached skill level 1 in Air Magic
  1150 | D:2      | Reached skill level 1 in Earth Magic
  1150 | D:2      | Reached skill level 1 in Poison Magic
  1150 | D:2      | Reached XP level 5. HP: 34/41 MP: 10/12
  1331 | D:2      | Learned a level 2 spell: Wereblood
  1711 | D:2      | Reached XP level 6. HP: 47/47 MP: 11/13
  2651 | D:3      | Reached skill level 5 in Dodging
  3606 | D:4      | Reached XP level 7. HP: 52/52 MP: 13/15
  3731 | D:4      | Found a staircase to the Ecumenical Temple.
  3737 | Temple   | Entered the Ecumenical Temple
  4142 | Temple   | Became a worshipper of Hepliaklqana the Forgotten
  4165 | D:4      | Paralysed by an orc wizard for 3 turns
  4272 | D:4      | Found a broken altar of Ashenzari.
  4430 | D:5      | Entered Level 5 of the Dungeon
  4636 | D:5      | Reached XP level 8. HP: 15/54 MP: 16/16
  5092 | D:5      | Found a bloodstained altar of Trog.
  5092 | D:5      | Found a white marble altar of Elyvilon.
  5092 | D:5      | Found a glowing golden altar of the Shining One.
  5129 | D:5      | Found an iron altar of Okawaru.
  5598 | D:6      | Reached XP level 9. HP: 51/59 MP: 18/18
  5609 | D:6      | Reached * piety under Hepliaklqana
  5639 | D:6      | Learned a level 3 spell: Spider Form
  5673 | D:6      | Reached skill level 5 in Transmutations
  6276 | D:7      | Reached skill level 5 in Fighting
  6474 | D:7      | Found a burning altar of Makhleb.
  6474 | D:7      | Noticed Maggie
  6494 | D:7      | Killed Maggie
  6637 | D:7      | Got a crude long sword
  6695 | D:7      | Identified the +5 long sword of Ixisutekk {vorpal, rPois
                  | Str+3 Int-4} (You found it on level 7 of the Dungeon)
  6940 | D:7      | Reached skill level 5 in Invocations
  7030 | D:7      | Found a runed translucent door.
  7030 | D:7      | Found a shimmering altar of Xom.
  7030 | D:7      | Noticed Maimakterion's ghost (novice DrFi)
  7030 | D:7      | Noticed a +0 short sword of chaos
  7099 | D:7      | Found a stormy altar of Qazlal.
  7139 | D:7      | Found a glowing silver altar of Zin.
  7445 | D:8      | Reached ** piety under Hepliaklqana
  7497 | D:8      | Remembered your ancestor Ur-Dumizida as a hexer
  7857 | D:8      | Reached XP level 10. HP: 66/66 MP: 20/20
  8009 | D:8      | You fall into a shaft and drop 1 floor!
  8085 | D:9      | Reached skill level 5 in Short Blades
  8085 | D:9      | Reached skill level 5 in Long Blades
  8085 | D:9      | Reached skill level 5 in Axes
  8085 | D:9      | Reached skill level 5 in Maces & Flails
  8085 | D:9      | Reached skill level 5 in Polearms
  8085 | D:9      | Reached skill level 5 in Staves
  8085 | D:9      | Reached skill level 5 in Slings
  8085 | D:9      | Reached skill level 5 in Bows
  8085 | D:9      | Reached skill level 5 in Crossbows
  8085 | D:9      | Reached skill level 5 in Throwing
  8085 | D:9      | Reached skill level 5 in Armour
  8085 | D:9      | Reached skill level 5 in Stealth
  8085 | D:9      | Reached skill level 5 in Shields
  8085 | D:9      | Reached skill level 5 in Evocations
  8875 | D:9      | Found Qoasm's Antique Armour Emporium.
  9021 | D:9      | Killed an unseen horror
  9050 | D:9      | Learned a level 3 spell: Conjure Flame
  9729 | D:9      | Reached XP level 11. HP: 71/74 MP: 22/22
  9894 | D:10     | Entered Level 10 of the Dungeon
  9993 | D:10     | Reached skill level 5 in Conjurations
  9993 | D:10     | Reached skill level 5 in Hexes
  9993 | D:10     | Reached skill level 5 in Summonings
  9993 | D:10     | Reached skill level 5 in Necromancy
  9993 | D:10     | Reached skill level 5 in Translocations
  9993 | D:10     | Reached skill level 5 in Fire Magic
  9993 | D:10     | Reached skill level 5 in Ice Magic
  9993 | D:10     | Reached skill level 5 in Air Magic
  9993 | D:10     | Reached skill level 5 in Earth Magic
  9993 | D:10     | Reached skill level 5 in Poison Magic
 10160 | D:10     | Found a staircase to the Orcish Mines.
 10311 | D:10     | Reached *** piety under Hepliaklqana
 11117 | D:11     | Found Asafeac's Gadget Shop.
 11146 | D:11     | Found a staircase to the Lair.
 12046 | D:9      | Bought an ichor-stained buckler for 228 gold pieces
 12053 | D:9      | Identified the cursed +0 buckler "Wulou" {Will+ Str+2 Int-3
                  | Dex+3} (You bought it in a shop on level 9 of the Dungeon)
 12120 | Lair:1   | Entered Level 1 of the Lair of Beasts
 12224 | Lair:1   | Reached **** piety under Hepliaklqana
 12451 | Lair:1   | Noticed Nergalle
 12463 | Lair:1   | Killed Nergalle
 12882 | Lair:1   | Learned a level 4 spell: Sticky Flame
 12974 | Lair:1   | Reached XP level 12. HP: 67/81 MP: 24/24
 13225 | Lair:1   | Got a smoking ring mail
 13253 | Lair:1   | Identified the +4 ring mail "Earthly Heaven" {rPois Str+8
                  | Int-4 Slay-2} (You found it on level 1 of the Lair of
                  | Beasts)
 13775 | Lair:2   | Found a frozen archway.
 14250 | IceCv    | Entered an ice cave
 14367 | IceCv    | Reached skill level 10 in Unarmed Combat
 14647 | IceCv    | Noticed a death yak
 14708 | IceCv    | Killed a death yak
 15095 | IceCv    | Reached XP level 13. HP: 64/88 MP: 21/26
 15346 | IceCv    | Noticed a frost giant
 15560 | IceCv    | Identified the Compendium of Ice
 15630 | Lair:2   | Found a hole to the Spider Nest.
 16658 | Lair:3   | Found a dark tunnel.
 17148 | Lair:3   | Upgraded the game from 0.27-a0-34-gc18c9092ac to
                  | 0.27-a0-40-g5f2be0e231
 17184 | Lair:4   | Learned a level 2 spell: Ensorcelled Hibernation
 17188 | Lair:4   | Learned a level 3 spell: Ozocubu's Armour
 17688 | Lair:4   | Reached ***** piety under Hepliaklqana
 18029 | Lair:4   | Reached skill level 10 in Spellcasting
 18308 | Lair:4   | Reached XP level 14. HP: 89/97 MP: 18/28
 18584 | Lair:4   | Reached skill level 10 in Dodging
 19170 | Lair:4   | Found a staircase to the Shoals.
 20158 | Lair:5   | Reached skill level 10 in Invocations
 21170 | Lair:5   | Identified a scroll of acquirement
 21170 | Lair:5   | Acquired 837 gold pieces
 21501 | Lair:6   | Entered Level 6 of the Lair of Beasts
 21730 | Lair:6   | Found a sparkling altar of Nemelex Xobeh.
 21847 | Lair:6   | Got a jewelled ring mail
 21866 | Lair:6   | Identified the cursed +0 ring mail of Cocytus {Rampage rN+}
                  | (You found it on level 6 of the Lair of Beasts)
 21903 | Lair:6   | Noticed Sonja
 21918 | Lair:6   | Killed Sonja
 21937 | Lair:6   | Found a staircase to the Slime Pits.
 21939 | Lair:6   | Found a viscous altar of Jiyva.
 22190 | Lair:6   | Got a brightly glowing quarterstaff
 22191 | Lair:6   | Identified the cursed +0 quarterstaff of Xom's Grace
                  | {vorpal, rPois} (You found it on level 6 of the Lair of
                  | Beasts)
 22251 | Lair:6   | Got a smoking leather armour
 22255 | Lair:6   | Identified the +2 leather armour of the Lion {Int+6} (You
                  | found it on level 6 of the Lair of Beasts)
 22381 | Lair:6   | Reached skill level 10 in Fighting
 22848 | Lair:6   | Reached XP level 15. HP: 94/103 MP: 21/29
 23478 | Lair:6   | Found the +10 tower shield of Ignorance {rN+ Int-4}
 24288 | Lair:6   | Reached skill level 10 in Short Blades
 24288 | Lair:6   | Reached skill level 10 in Long Blades
 24288 | Lair:6   | Reached skill level 10 in Axes
 24288 | Lair:6   | Reached skill level 10 in Maces & Flails
 24288 | Lair:6   | Reached skill level 10 in Polearms
 24288 | Lair:6   | Reached skill level 10 in Staves
 24288 | Lair:6   | Reached skill level 10 in Slings
 24288 | Lair:6   | Reached skill level 10 in Bows
 24288 | Lair:6   | Reached skill level 10 in Crossbows
 24288 | Lair:6   | Reached skill level 10 in Throwing
 24288 | Lair:6   | Reached skill level 10 in Armour
 24288 | Lair:6   | Reached skill level 10 in Stealth
 24288 | Lair:6   | Reached skill level 10 in Shields
 24288 | Lair:6   | Reached skill level 10 in Evocations
 24677 | Lair:6   | Learned a level 4 spell: Ice Form
 24683 | Lair:6   | Learned a level 5 spell: Fireball
 24690 | Lair:6   | Learned a level 6 spell: Simulacrum
 25444 | D:11     | Bought a phantom mirror for 640 gold pieces
 25870 | D:12     | Found a corrupted altar of Lugonu.
 26279 | D:13     | Found a hazy altar of Hepliaklqana.
 27167 | D:13     | Found a bloodstained altar of Trog.
 27168 | D:13     | Found the cursed necklace of Bloodlust {*Rage +Rage Will++
                  | Int-3 Slay+6 *Curse}
 28304 | D:14     | Found a gate to the Vaults.
 28785 | D:15     | Entered Level 15 of the Dungeon
 29048 | D:15     | Reached XP level 16. HP: 111/111 MP: 31/31
 29638 | D:15     | Found a staircase to the Depths.
 30271 | Orc:1    | Entered Level 1 of the Orcish Mines
 30600 | Orc:1    | Found Ahoin's Armour Shoppe.
 30757 | Orc:1    | Found a flagged portal.
 30772 | Bailey   | Entered a bailey
 31256 | Bailey   | Identified the Grimoire of Congealing Flight
 31259 | Bailey   | Got an ichor-stained tower shield
 31262 | Bailey   | Got masterwork gold dragon scales
 31316 | Bailey   | Identified the +1 gold dragon scales of Devotion {rPois rF+
                  | rC+ rN+ Str+2 Dex+5} (You found it in a bailey)
 31326 | Bailey   | Identified the +6 tower shield of the Purple Skies {-Cast
                  | +Blink rPois rN++} (You found it in a bailey)
 31808 | Orc:2    | Entered Level 2 of the Orcish Mines
 31930 | Orc:2    | Found a roughly hewn altar of Beogh.
 31988 | Orc:2    | Gained mutation: You tend to lose your temper in combat. [a
                  | neqoxec]
 32253 | Orc:2    | Reached ****** piety under Hepliaklqana
 32851 | Orc:2    | Reached skill level 10 in Transmutations
 32851 | Orc:2    | Found Funtopt's Gadget Shoppe.
 33494 | Orc:2    | Found Zyquits's Distillery.
 34468 | Orc:2    | Found Vovirph's Armour Boutique.
 34486 | Orc:2    | Found Foamout's Antique Weapon Shop.
 34539 | Orc:2    | Bought a transparent arbalest for 275 gold pieces
 34556 | Orc:2    | Identified the +6 arbalest of Mujotah {penet, rElec Str+2}
                  | (You bought it in a shop on level 2 of the Orcish Mines)
 34739 | Orc:2    | Bought a potion of invisibility for 120 gold pieces
 34739 | Orc:2    | Bought a potion of might for 60 gold pieces
 34739 | Orc:2    | Bought 2 potions of curing for 90 gold pieces
 34767 | Orc:2    | Found a roughly hewn altar of Beogh.
 34998 | Orc:2    | Found a staircase to the Elven Halls.
 35119 | Orc:2    | Got a steaming long sword
 35120 | Orc:2    | Identified the cursed +1 long sword of Ivarass {holy, rElec
                  | Str+6 SInv Stlth-} (You found it on level 2 of the Orcish
                  | Mines)
 35517 | D:14     | Upgraded the game from 0.27-a0-40-g5f2be0e231 to
                  | 0.27-a0-46-g34d46f0a3f
 35689 | Spider:1 | Entered Level 1 of the Spider Nest
 37353 | Spider:1 | Reached XP level 17. HP: 117/117 MP: 33/33
 40666 | Spider:4 | Entered Level 4 of the Spider Nest
 42207 | Spider:4 | Reached skill level 10 in Conjurations
 42207 | Spider:4 | Reached skill level 10 in Hexes
 42207 | Spider:4 | Reached skill level 10 in Summonings
 42207 | Spider:4 | Reached skill level 10 in Necromancy
 42207 | Spider:4 | Reached skill level 10 in Translocations
 42207 | Spider:4 | Reached skill level 10 in Fire Magic
 42207 | Spider:4 | Reached skill level 10 in Ice Magic
 42207 | Spider:4 | Reached skill level 10 in Air Magic
 42207 | Spider:4 | Reached skill level 10 in Earth Magic
 42207 | Spider:4 | Reached skill level 10 in Poison Magic
 44063 | Spider:4 | Got a gossamer rune of Zot
 44520 | Lair:1   | Learned a level 5 spell: Blade Hands
 44733 | Shoals:1 | Entered Level 1 of the Shoals
 44779 | Shoals:1 | Upgraded the game from 0.27-a0-46-g34d46f0a3f to
                  | 0.27-a0-54-g64bdb92e38
 45118 | Shoals:1 | Reached XP level 18. HP: 24/126 MP: 34/34
 45593 | Vaults:1 | Entered Level 1 of the Vaults
 46875 | Vaults:1 | HP: 3/126 [two-headed ogre/+0 giant club (14)]
 46876 | Vaults:1 | Slain by a two-headed ogre

Illustrated notes

Levels and vault maps discovered:
D:1:      dpeg_arrival_yet_another_circle, layout_basic, minmay_liquid_box
D:2:      minmay_recursive_quarters, layout_basic,
          chequers_serial_rivers_large_a, minmay_fractal_squares_5
D:3:      minmay_evil_eye, layout_loops_cross
D:4:      layout_rooms, cheibrodos_ashenzari_chains,
          minmay_temple_entry_glassed_door
D:5:      layout_basic, grunt_temple_overflow_cloverleaf
D:6:      layout_basic
D:7:      layout_rooms, zin_treasury, grunt_qazlal_clouds, ebering_ghost_xom,
          bloody_makhleb, uniq_maggie
D:8:      layout_gridville
D:9:      layout_cross, serial_shops, nicolae_shop_stone
D:10:     layout_roguey, erik_orc_4
D:11:     layout_roguey, erik_lair_orcish_takeover, serial_shops,
          nicolae_shop_crystal, gauntlet_entry_generic
D:12:     layout_loops_ring, tgw_lugonu_bribe
D:13:     emtedronai_trogs_sanctum, layout_stronghold, basic_altar
D:14:     layout_rooms, david_vaults_2, drop_trap
D:15:     gammafunk_enter_depths_forms, layout_small_grid,
          chequers_serial_rivers_micro_c
Temple:   regret_index_temple_generic_petals
Lair:1:   layout_roguey, grunt_megastairs_2, minmay_lair_oklob_chamber,
          uniq_nergalle
Lair:2:   layout_roguey, dummy_spider_entry, portal_ice_cave_entry_ice_beasts,
          wad_woods_01, lemuel_fruit_tree
Lair:3:   layout_gridlike, nicolae_volcano_entry_s_turn, serial_bayou_shore_b
Lair:4:   layout_cellular_growth, minmay_shoals_entry_lonely_mermaid
Lair:5:   nzn_motion_control, layout_gridlike, grunt_megastairs_3
Lair:6:   hangedman_lair_caniforms_friends, layout_regular_city,
          guppyfry_lair_end_dragon, slime_altar_1, basic_altar, uniq_sonja
Shoals:1: layout_shoals, st_sunken_huts
Spider:1: layout_chambers, nicolae_crawler_farm
Spider:2: layout_spider_delve
Spider:3: layout_spider_delve, minmay_another_anthill
Spider:4: grunt_spider_rune_island
Orc:1:    layout_caves, serial_shops, nicolae_shop_crystal, enter_bailey_4
Orc:2:    pubby_orc_utopia
Vaults:1: ontoclasm_vaults_fault, v_misc_13, vaults_room_pool, v_rooms_5,
          nicolae_vaults_little_squares_2, vaults_room_door_ring, v_pattern_5,
          v_misc_1, ontoclasm_vaults_eye, vaults_dpeg_spiral, v_misc_1,
          hangedman_vaults_corner, layout_vaults_big_cross

Skill      XL: |  1  2  3  4  5  6  7  8  9 10 11 12 13 14 15 16 17 18 |
---------------+-------------------------------------------------------+-----
Spellcasting   | 5 6 7 8 9 10 11 12 | 12.9
Invocations    | 1 2 3 4 5 6 7 8 9 10 11 12 13 | 13.0
Short Blades   | 1 2 3 4 5 6 7 8 9 10 11 12 | 12.1
Long Blades    | 1 2 3 4 5 6 7 8 9 10 11 12 | 12.1
Axes           | 1 2 3 4 5 6 7 8 9 10 11 12 | 12.1
Maces & Flails | 1 2 3 4 5 6 7 8 9 10 11 12 | 12.1
Polearms       | 1 2 3 4 5 6 7 8 9 10 11 12 | 12.1
Staves         | 1 2 3 4 5 6 7 8 9 10 11 12 | 12.1
Slings         | 1 2 3 4 5 6 7 8 9 10 11 12 | 12.1
Bows           | 1 2 3 4 5 6 7 8 9 10 11 12 | 12.1
Crossbows      | 1 2 3 4 5 6 7 8 9 10 11 12 | 12.1
Throwing       | 1 2 3 4 5 6 7 8 9 10 11 12 | 12.1
Armour         | 1 2 3 4 5 6 7 8 9 10 11 12 | 12.1
Stealth        | 1 2 3 4 5 6 7 8 9 10 11 12 | 12.1
Shields        | 1 2 3 4 5 6 7 8 9 10 11 12 | 12.1
Evocations     | 1 2 3 4 5 6 7 8 9 10 11 12 | 12.1
Fighting       | 3 4 5 6 7 8 9 10 11 12 | 12.3
Conjurations   | 1 2 3 4 5 6 7 8 9 10 | 10.3
Hexes          | 1 2 3 4 5 6 7 8 9 10 | 10.3
Summonings     | 1 2 3 4 5 6 7 8 9 10 | 10.3
Necromancy     | 1 2 3 4 5 6 7 8 9 10 | 10.3
Translocations | 1 2 3 4 5 6 7 8 9 10 | 10.3
Fire Magic     | 1 2 3 4 5 6 7 8 9 10 | 10.3
Ice Magic      | 1 2 3 4 5 6 7 8 9 10 | 10.3
Air Magic      | 1 2 3 4 5 6 7 8 9 10 | 10.3
Earth Magic    | 1 2 3 4 5 6 7 8 9 10 | 10.3
Poison Magic   | 1 2 3 4 5 6 7 8 9 10 | 10.3
Transmutations | 4 5 6 7 8 9 10 11 | 11.0
Dodging        | 5 6 7 8 9 10 11 12 | 12.8
Unarmed Combat | 7 8 9 10 11 12 13 | 13.4

Action                   |  1- 3 |  4- 6 |  7- 9 | 10-12 | 13-15 | 16-18 || total
-------------------------+-------+-------+-------+-------+-------+-------++-------
Melee: Unarmed           |    64 |   226 |   245 |       |    23 |       ||   558
       Kick              |     7 |    33 |    65 |     6 |       |       ||   111
       Bite              |     4 |    22 |    35 |   141 |   295 |   399 ||   896
       Punch             |     4 |     7 |    10 |    20 |       |       ||    41
       Headbutt          |     7 |    18 |    17 |     7 |       |       ||    49
       Long sword        |       |       |    34 |   591 |  1168 |  1576 ||  3369
Throw: Dart              |       |       |     3 |       |     4 |     8 ||    15
 Cast: Beastly Appendage |     7 |    22 |    29 |     1 |       |       ||    59
       Spider Form       |       |       |     1 |       |     1 |       ||     2
       Wereblood         |       |       |       |     6 |    29 |    23 ||    58
       Sticky Flame      |       |       |       |       |    14 |     2 ||    16
       Conjure Flame     |       |       |       |       |     1 |       ||     1
       Ozocubu's Armour  |       |       |       |       |     4 |     1 ||     5
       Ensorcelled Hiber |       |       |       |       |     1 |     1 ||     2
       Ice Form          |       |       |       |       |     1 |       ||     1
Invok: Ancestor Identity |       |       |     1 |       |       |       ||     1
       Ancestor Life: He |       |       |     1 |       |       |       ||     1
       Recall Ancestor   |       |       |       |     2 |     1 |     6 ||     9
       Idealise          |       |       |       |     1 |     5 |     1 ||     7
Evoke: Wand              |       |       |     1 |     4 |    26 |     5 ||    36
  Use: Scroll            |       |     4 |     4 |     9 |    25 |    17 ||    59
       Potion            |       |       |     2 |       |     5 |     9 ||    16
 Stab: Sleeping          |       |       |     1 |    10 |    11 |     6 ||    28
       Distracted        |       |       |       |     7 |    24 |    24 ||    55
       Confused          |       |       |       |     4 |    28 |    27 ||    59
       Petrified         |       |       |       |       |     1 |       ||     1
       Paralysed         |       |       |       |       |    24 |    60 ||    84
Armor: Robe              |     6 |       |       |       |       |       ||     6
       Scale mail        |    39 |    59 |       |       |       |       ||    98
       Ring mail         |       |     1 |    62 |    58 |   340 |    37 ||   498
       Swamp dragon scal |       |       |    10 |   155 |       |       ||   165
       Gold dragon scale |       |       |       |       |       |   910 ||   910
       Fire dragon scale |       |       |       |       |       |     9 ||     9
       Leather armour    |       |       |       |       |       |    23 ||    23
Dodge: Dodged            |    60 |   132 |   201 |   436 |   883 |  1175 ||  2887
Block: Buckler           |       |       |       |   167 |   740 |  1046 ||  1953
       Other             |       |       |       |    26 |     6 |       ||    32
       Reflection        |       |       |       |     1 |    12 |     3 ||    16
       Rpst.: Long sword |       |       |     5 |   130 |   180 |   226 ||   541

Table legend: (Time is in decaauts)
 A = Elapsed time spent in this place.
 B = Non-inter-level travel time spent in this place.
 C = Inter-level travel time spent in this place.
 D = Time resting spent in this place.
 E = Time spent auto-exploring this place.
 F = Levels seen in this place.
 G = Mean time per level.
                   A        B        C        D        E       F      G
               +--------+--------+--------+--------+--------+-----+--------+
         Total |  46850 |  44650 |   2200 |  13568 |  12895 |  32 | 1464.1 |
       Dungeon |  17063 |  15897 |   1166 |   3248 |   6350 |  15 | 1137.5 |
        Temple |    426 |    426 |      0 |     29 |    212 |   1 |  426.0 |
          Lair |  13420 |  12706 |    714 |   4382 |   3251 |   6 | 2236.7 |
        Shoals |     31 |     31 |      0 |      0 |      0 |   1 |   31.0 |
   Spider Nest |   8509 |   8358 |    151 |   3320 |   1576 |   4 | 2127.2 |
  Orcish Mines |   4187 |   4018 |    169 |   1493 |   1092 |   2 | 2093.5 |
        Vaults |   1267 |   1267 |      0 |    327 |    302 |   1 | 1267.0 |
        Bailey |    592 |    592 |      0 |    209 |     13 |   1 |  592.0 |
      Ice Cave |   1351 |   1351 |      0 |    559 |     97 |   1 | 1351.0 |
               +--------+--------+--------+--------+--------+-----+--------+

Top non-repeatable levels by time:
  Lair:6: 3887 daAuts
  Lair:4: 3259 daAuts
   Orc:2: 3200 daAuts
Spider:1: 2850 daAuts
Spider:4: 2797 daAuts
  Lair:1: 2005 daAuts
  Lair:5: 1993 daAuts
    D:13: 1685 daAuts
Spider:3: 1642 daAuts
    D:11: 1571 daAuts
     D:2: 1473 daAuts
     D:9: 1396 daAuts
   IceCv: 1351 daAuts
    D:15: 1349 daAuts
Vaults:1: 1267 daAuts
